Map: Dusk Towers

Players

Psz - Winner!

  • Race: Terran Terran
  • League: Platinum

MorN

  • Race: Terran Terran
  • League: Platinum

VOD

Have the link to the VOD?

Description

Time

  • Played on: Nov. 9, 2015, 9:17 p.m.
  • Length: 11:05
Show
View Real Time Build Order
Export as new Build Order

Psz Terran - Winner!

Build Orders: Reaper Expand, Bio Tank 

Get SALT Encoding   

  12  0:01  SCV  
  13  0:13  SCV  
  14  0:17  Supply Depot  
  14  0:25  SCV  
  15  0:39  SCV  
  15  0:40  Barracks  
  16  0:44  Refinery  
  16  0:51  SCV  
  17  1:03  SCV  
  18  1:17  SCV  
  19  1:29  Reaper, Orbital Command  
  20  1:43  Command Center  
  20  1:51  Refinery  
  20  1:56  Supply Depot  
  20  2:01  SCV  
  20  2:13  SCV  
  21  2:17  Factory  
  21  2:23  Barracks Reactor  
  21  2:25  SCV  
  22  2:37  SCV  
  23  2:49  SCV  
  24  2:55  Orbital Command  
  24  3:01  Starport  
  24  3:04  SCV  
  24  3:07  Hellion  
  24  3:08  Hellion  
  24  3:11  Engineering Bay  
  28  3:16  Barracks Tech Lab  
  28  3:18  SCV  
  29  3:21  SCV  
  34  3:35  SCV x2  
  34  3:40  Viking  
  34  3:45  Marine x2  
  34  3:46  Siege Tank  
  39  3:50  SCV x2  
  39  3:54  Supply Depot  
  41  4:02  SCV x2  
  43  4:06  Marine x2  
  45  4:11  Supply Depot  
  45  4:16  Viking  
  47  4:17  SCV  
  47  4:18  SCV  
  47  4:23  Supply Depot  
  49  4:26  Marine  
  49  4:27  Marine  
  51  4:31  SCV  
  51  4:32  SCV  
  51  4:36  Siege Tank  
  56  4:41  Supply Depot  
  56  4:44  SCV x2  
  55  4:56  SCV x2  
  55  4:57  Marine x2  
  59  5:09  Command Center  
  59  5:10  Siege Tank  
  63  5:21  SCV x2  
  63  5:27  Barracks Tech Lab  
  64  5:33  SCV x2  
  62  5:44  Barracks  
  62  5:45  SCV x2  
  62  5:47  Medivac x2  
  68  5:51  Stimpack, Marine  
  68  5:52  Siege Tank  
  72  5:58  SCV x2  
  72  6:01  Barracks  
  72  6:04  Supply Depot, Refinery  
  74  6:06  Terran Infantry Weapons Level 1, Refinery  
  74  6:07  Supply Depot  
  74  6:09  Marine  
  75  6:21  SCV x2  
  75  6:23  Orbital Command  
  75  6:25  Barracks  
  77  6:26  Barracks  
  78  6:37  Barracks Reactor, Marine  
  78  6:38  Siege Tank  
  81  6:40  Supply Depot  
  81  6:41  SCV x2  
  83  6:47  Starport Reactor  
  83  6:48  Supply Depot  
  83  6:52  Orbital Command  
  83  6:53  SCV x2  
  85  6:57  Marauder  
  85  6:58  Barracks Tech Lab  
  87  7:02  Marine x2  
  89  7:09  SCV x2  
  89  7:11  Siege Tank  
  88  7:18  Supply Depot  
  88  7:22  Barracks Reactor, Barracks Tech Lab, Marauder x2  
  92  7:25  SCV x3  
  92  7:29  Armory, Engineering Bay  
  92  7:30  Refinery  
  86  7:37  SCV x3  
  86  7:42  Marauder  
  86  7:43  Marauder x2, Marine x2  
  95  7:46  Siege Tank  
  95  7:50  Refinery, Medivac x2  
  102  7:52  SCV x3  
  103  8:02  Missile Turret  
  103  8:04  Missile Turret  
  103  8:06  Missile Turret  
  103  8:08  Marauder x3  
  103  8:09  Combat Shields  
  103  8:10  Concussive Shells  
  109  8:19  Missile Turret, Marine x4  
  112  8:20  Terran Infantry Weapons Level 2  
  113  8:32  Barracks  
  113  8:33  Siege Tank, Barracks x2  
  116  8:42  Marauder x3  
  116  8:45  Medivac x2  
  126  8:53  Supply Depot  
  126  8:54  Supply Depot, Terran Infantry Armor Level 1  
  126  8:55  Supply Depot  
  126  8:58  Terran Vehicle Weapons Level 1  
  126  9:01  Marine x4  
  130  9:09  Supply Depot, Siege Tank  
  133  9:14  Marauder x3  
  133  9:17  Supply Depot  
  139  9:21  Marine x3  
  139  9:22  Marine  
  143  9:24  Command Center  
  143  9:26  Barracks Reactor, Barracks Tech Lab x2  
  143  9:38  Marine x3  
  145  9:39  Marine  
  145  9:42  Siege Tank  
  129  9:46  SCV x3  
  129  9:50  Marine x2  
  129  9:51  Marine  
  129  9:58  Marine x2  
  129  9:59  Marine x3  
  133  10:03  SCV x2  
  129  10:20  Marine x2  
  129  10:21  Marine x6  
  136  10:46  Marine x3  
  136  10:47  Marine x4  
Show
View Real Time Build Order
Export as new Build Order

MorN Terran 

Build Orders: Bio Tank 

Get SALT Encoding   

  12  0:00  SCV  
  13  0:13  SCV  
  14  0:23  Supply Depot  
  14  0:25  SCV  
  15  0:34  Refinery  
  15  0:45  SCV  
  15  0:48  Barracks  
  16  0:57  SCV  
  17  1:09  SCV  
  18  1:21  SCV  
  19  1:37  Factory, Marine  
  20  1:41  Orbital Command  
  20  1:51  Supply Depot  
  20  1:54  Marine  
  21  2:07  SCV  
  21  2:08  Refinery  
  21  2:12  Marine  
  22  2:24  Command Center  
  22  2:30  Starport  
  22  2:39  Marine  
  22  2:41  Factory Tech Lab  
  23  2:46  SCV  
  24  2:58  SCV  
  25  3:01  Siege Tank  
  25  3:04  Supply Depot  
  28  3:10  SCV  
  29  3:16  Marine  
  30  3:22  SCV  
  30  3:25  Medivac  
  33  3:34  SCV  
  33  3:35  Orbital Command  
  33  3:38  Marine  
  35  3:47  SCV  
  36  3:50  Siege Tank  
  39  4:00  SCV  
  39  4:01  SCV  
  41  4:03  Marine  
  42  4:11  Medivac  
  42  4:12  SCV  
  42  4:14  SCV  
  46  4:22  Command Center  
  46  4:24  SCV  
  47  4:34  Engineering Bay  
  47  4:43  SCV  
  48  4:59  Cyclone  
  51  5:00  Viking  
  51  5:02  SCV  
  51  5:06  SCV  
  50  5:14  Barracks Reactor, Barracks, SCV  
  50  5:19  Barracks  
  51  5:30  SCV  
  51  5:32  Starport Reactor  
  49  5:38  SCV  
  49  5:40  Supply Depot  
  50  5:43  Terran Infantry Weapons Level 1  
  50  5:44  Orbital Command  
  50  5:45  SCV  
  50  5:47  Refinery, Barracks x2  
  50  5:48  Refinery  
  51  5:51  Marine x2  
  51  5:54  SCV  
  54  5:57  SCV  
  54  5:58  Supply Depot  
  55  6:06  SCV, Supply Depot  
  55  6:08  Barracks Tech Lab x2  
  55  6:09  SCV  
  55  6:10  SCV  
  58  6:17  Marine x2  
  60  6:18  SCV  
  60  6:19  Siege Tank  
  60  6:21  SCV  
  65  6:28  Stimpack  
  65  6:29  SCV  
  65  6:32  Supply Depot  
  66  6:33  Combat Shields  
  66  6:34  Marine x2  
  66  6:35  Marine x2  
  66  6:37  SCV  
  72  6:42  Barracks Reactor  
  72  6:43  Supply Depot  
  72  6:44  Barracks Reactor  
  71  6:48  Viking  
  71  6:49  SCV  
  74  6:55  Supply Depot  
  74  7:03  Orbital Command  
  68  7:28  Marine x7  
  68  7:29  Marine  
  60  7:45  Marine  
  60  7:46  SCV x2, Marine x6  
  69  7:56  Marine  
  70  7:59  Medivac x2  
  70  8:00  SCV  
  70  8:03  Refinery, Marine x2  
  70  8:05  SCV x2  
  79  8:08  Terran Infantry Armor Level 1  
  79  8:09  Engineering Bay, Marine x4  
  79  8:10  Armory  
  83  8:13  SCV  
  83  8:14  Marauder  
  83  8:15  Siege Tank, Marauder  
  83  8:17  SCV  
  83  8:18  SCV  
  93  8:21  Marine x2  
  93  8:22  Refinery  
  93  8:24  Refinery  
  93  8:25  SCV  
  96  8:32  SCV x2  
  96  8:34  Marine x3  
  100  8:36  Marauder x2  
  105  8:48  Siege Tank  
  108  8:52  Marine  
  109  8:56  Supply Depot  
  109  9:00  Supply Depot  
  109  9:01  Supply Depot  
  109  9:03  Supply Depot  
  109  9:04  Supply Depot  
  109  9:17  Marine x5  
  109  9:18  Supply Depot, Marauder, SCV  
  109  9:21  Marine x2  
  109  9:22  SCV x2, Siege Tank  
  124  9:30  SCV  
  125  9:34  SCV x2  
  125  9:35  Marine  
  127  9:39  Marine  
  127  9:40  Marauder, Marine x4  
  127  9:42  SCV  
  119  9:52  Marine  
  114  9:53  Marine  
  114  9:54  Siege Tank  
  114  9:57  Medivac, Marine x2  
  114  9:58  Marine x3, Barracks, Medivac  
  127  10:10  Marine x2  
  127  10:11  Marine  
  130  10:15  Marine x2  
  130  10:16  Marine x3  
  130  10:17  SCV x2  
  130  10:18  Barracks x2  
  132  10:22  Supply Depot  
  132  10:26  Siege Tank  
  139  10:34  Marine x2  
Tags
 
Add a new tag
Caveats
  • Supply blocks, unpowered buildings, or Contaminate may cause inaccurate times.
  • Supply counts are checked every 10 seconds.